 Dungeon Crawl Stone Soup version 0.31-a0-115-g4708a659fe (webtiles) character file.

Game seed: 15416045546525616692

227 Kenran the Ruffian (level 5, -4/39 HPs)
             Began as a Vampire Fighter on May 29, 2023.
             Was a Believer of Okawaru.
             Slain by a sky beast (6 damage)
             ... on level 4 of the Dungeon.
             The game lasted 00:04:00 (2975 turns).

Kenran the Ruffian (Vampire Fighter)                Turns: 2975, Time: 00:04:00

Health: -4/39      AC:  6    Str: 15 (17) XL:     5   Next: 70%
Magic:  5/5        EV:  8    Int: 10 (11) God:    Okawaru [**....]
Gold:   305        SH:  4    Dex: 13      Spells: 4/4 levels left

rFire   . .          .
                       - Unarmed
rCold   . . .        b - +0 buckler
rNeg    . . .        a - +0 scale mail
rPois   .            (no helmet)
rElec   .            (no cloak)
rCorr   .            (no gloves)
SInv    +            (no boots)
Will    +....        e - amulet of faith {!P} Stlth
                     l - ring of willpower
HPRegen 0.46/turn    (no ring)
MPRegen 0.09/turn

%: faith
@: healing quickly
A: alive, fangs 3, see invisible, vampiric 2
a: Exsanguinate, Renounce Religion, Heroism


You were on level 4 of the Dungeon.
You worshipped Okawaru.
Okawaru was pleased with you.
You visited 1 branch of the dungeon, and saw 4 of its levels.

You collected 305 gold pieces.

Inventory:

Armour
 a - a +0 scale mail (worn)
 b - a +0 buckler (worn)
Jewellery
 e - an amulet of faith (around neck) {!P}
 l - a ring of willpower (left hand)
Scrolls
 g - a scroll of enchant weapon {unknown}
 h - a scroll of magic mapping {unknown}
 k - 2 scrolls of teleportation
 n - a scroll of immolation {!r}
 o - a scroll of fear {unknown}
 p - a scroll of poison {unknown}
 r - a scroll of fog {unknown}
 s - a scroll of butterflies {unknown}
 t - a scroll of enchant armour {unknown}
 u - a scroll of blinking {unknown}
Potions
 d - a potion of degeneration {!q}
 f - a potion of haste {unknown}
 i - 2 potions of cancellation {unknown}
 j - 4 potions of curing {unknown}
 m - 4 potions of attraction {unknown}
 q - 2 potions of invisibility {unknown}


   Skills:
 - Level 2.6 Fighting
 - Level 2.4 Armour
 - Level 2.6 Shields
 + Level 6.6 Unarmed Combat


You had 4 spell levels left.
You didn't know any spells.
Your spell library was empty.

Dungeon Overview and Level Annotations

Branches:
Dungeon (4/15)
 Temple: D:4-7

Altars:
Okawaru
Qazlal

Shops:
D:2 (


Innate Abilities, Weirdness & Mutations

Your natural rate of healing is accelerated.
You have razor-sharp teeth.
You have supernaturally acute eyesight. (SInv)
You are afflicted with vampirism and can become a bat while bloodless.


Message History

The sky beast is moderately wounded.
The sky beast hits you. The sky beast shocks you.
You punch the sky beast!
The sky beast is heavily wounded.
You miss the sky beast.
The sky beast is heavily wounded.
The sky beast hits you. The sky beast shocks you.
You are too injured to fight recklessly!
You are too injured to fight recklessly!
You barely miss the sky beast.
The sky beast is heavily wounded.
You block the sky beast's attack.
You hit the sky beast but do no damage.
The sky beast is heavily wounded.
The sky beast hits you but does no damage.
You hit the sky beast.
The sky beast is heavily wounded.
The sky beast hits you. The sky beast shocks you.
You hit the sky beast but do no damage.
The sky beast is heavily wounded.
You block the sky beast's attack.
You miss the sky beast.
The sky beast is heavily wounded.
The sky beast flickers out of sight for a moment.
The sky beast hits you but does no damage.
You miss the sky beast.
The sky beast is heavily wounded.
The sky beast hits you. The sky beast shocks you.
You barely miss the sky beast.
The sky beast is heavily wounded.
The sky beast hits you.
* * * LOW HITPOINT WARNING * * *
The sky beast shocks you.
* * * LOW HITPOINT WARNING * * *
You closely miss the sky beast.
The sky beast is heavily wounded.
The sky beast hits you.
* * * LOW HITPOINT WARNING * * *
The sky beast shocks you.
You die...

# #...###.# #
#...# #.# #
######.#.###.#
#
#......#.....#
#.########.###
#.# #.######
#.# #......#
#.# ######.#
#@# #Y# #S#
####.# #h#
.....# #.#
###### #.#
...............
#######...#.#..
#..#.S.#.


You could see a sky beast (invisible), a hound and a ball python.

Vanquished Creatures
  A scorpion (D:4)
  An iguana (D:4)
  5 adders
  An ufetubus (D:4)
  3 worms
  3 dart slugs (D:1)
  4 orcs (D:4)
  8 endoplasms
  3 giant cockroaches
  9 goblins
  6 hobgoblins
  2 jackals (D:1)
  A quokka (D:1)
  6 ball pythons
  6 bats
  4 frilled lizards
  4 kobolds
  9 rats
76 creatures vanquished.

Notes
Turn   | Place    | Note
-------+----------+-------------------------------------------
     0 | D:1      | Kenran the Vampire Fighter began the quest for the Orb.
     0 | D:1      | Reached XP level 1. HP: 17/17 MP: 1/1
   241 | D:1      | Reached skill level 3 in Unarmed Combat
   260 | D:1      | Reached XP level 2. HP: 23/23 MP: 2/2
   533 | D:1      | Found a faded altar of an unknown god.
   540 | D:1      | Prayed at the altar of an unknown god.
   540 | D:1      | Became a worshipper of Warmaster Okawaru
   540 | D:1      | Reached * piety under Okawaru
   596 | D:1      | Gained mutation: You are afflicted with vampirism and can
                  | become a bat while bloodless. [Vampire growth]
   596 | D:1      | Reached XP level 3. HP: 28/28 MP: 3/3
   632 | D:1      | Reached skill level 4 in Unarmed Combat
  1178 | D:2      | Found Qiriub's Weapon Boutique.
  1636 | D:2      | Reached XP level 4. HP: 34/34 MP: 4/4
  2120 | D:3      | Reached skill level 5 in Unarmed Combat
  2479 | D:4      | Noticed a scorpion
  2487 | D:4      | Killed a scorpion
  2487 | D:4      | Reached ** piety under Okawaru
  2488 | D:4      | Reached skill level 6 in Unarmed Combat
  2488 | D:4      | Reached XP level 5. HP: 25/39 MP: 5/5
  2955 | D:4      | Found a stormy altar of Qazlal.
  2955 | D:4      | Noticed a sky beast
  2975 | D:4      | Slain by a sky beast

Illustrated notes

Levels and vault maps discovered:
D:1:      lemuel_arrival_river_bridge, layout_basic,
          ebering_ecumenical_altar_box
D:2:      minmay_spotlight, layout_basic, serial_shops,
          nicolae_shop_real_fake_doors, serial_rivers,
          chequers_serial_rivers_large_a, chequers_serial_rivers_small_b,
          chequers_serial_rivers_micro_c, chequers_serial_rivers_micro_d,
          chequers_serial_rivers_micro_b, chequers_serial_rivers_small_3
D:3:      layout_rooms
D:4:      layout_loops_ring, nicolae_qazlal_beasts_of_the_sky, minmay_bisected,
          uniq_natasha

Skill      XL: |  1  2  3  4 |
---------------+-------------+-----
Unarmed Combat | 3 4 6 |  6.6
Fighting       | |  2.6
Armour         | |  2.4
Shields        | |  2.6

Action                     |  1- 3 |  4- 6 || total
---------------------------+-------+-------++-------
  Melee: Unarmed           |   164 |   121 ||   285
         Bite              |    11 |    11 ||    22
    Use: Scroll            |       |     3 ||     3
         Potion            |       |     2 ||     2
 Armour: Scale mail        |    65 |    42 ||   107
  Dodge: Dodged            |    60 |    38 ||    98
  Block: Buckler           |    35 |    20 ||    55

Table legend: (Time is in decaauts)
 A = Elapsed time spent in this place.
 B = Non-inter-level travel time spent in this place.
 C = Inter-level travel time spent in this place.
 D = Time resting spent in this place.
 E = Time spent auto-exploring this place.
 F = Levels seen in this place.
 G = Mean time per level.
                   A        B        C        D        E       F      G
               +--------+--------+--------+--------+--------+-----+--------+
         Total |   2985 |   2936 |     49 |      9 |   2285 |   4 |  746.2 |
       Dungeon |   2985 |   2936 |     49 |      9 |   2285 |   4 |  746.2 |
               +--------+--------+--------+--------+--------+-----+--------+

Top non-repeatable levels by time:
     D:1: 1035 daAuts
     D:2: 1026 daAuts
     D:4: 493 daAuts
     D:3: 430 daAuts
